 Dungeon Crawl Stone Soup version 0.30-a0-576-g89cddaab80 (webtiles) character file.

Game seed: 12092986779085963178

16 wormed the Shooter (level 2, -3/15 HPs)
             Began as a Spriggan Hunter on Dec 31, 2022.
             Killed from afar by Natasha (9 damage)
             ... with a magic dart
             ... on level 2 of the Dungeon.
             The game lasted 00:00:43 (1339 turns).

wormed the Shooter (Spriggan Hunter)                Turns: 1339, Time: 00:00:43

Health: -3/15      AC:  2    Str:  7    XL:     2   Next: 37%
Magic:  3/3        EV: 18    Int: 10    God:
Gold:   33         SH:  0    Dex: 18    Spells: 1/1 levels left

rFire   . . .      SeeInvis +    a - +0 shortbow
rCold   . . .      Faith    .    (shield currently unavailable)
rNeg    . . .      Spirit   .    c - +0 robe
rPois   .          Reflect  .    m - +0 hat
rElec   .          Harm     .    (no cloak)
rCorr   .          Rampage  .    (gloves unavailable)
Will    .....                    (boots unavailable)
Stlth   ++                       (no amulet)
HPRegen 0.22/turn                (no ring)
MPRegen 0.08/turn                (no ring)

@: very quick
A: very small, no large weapons, unfitting armour, see invisible, speed 3
a: no special abilities


You were on level 2 of the Dungeon.
You visited 1 branch of the dungeon, and saw 2 of its levels.

You collected 33 gold pieces.

Inventory:

Hand Weapons
 a - a +0 shortbow (weapon)
Armour
 c - a +0 robe (worn)
 m - a +0 hat (worn)
Jewellery
 i - a ring of protection from fire
Scrolls
 b - a scroll of immolation
 d - a scroll of vulnerability {unknown}
 e - a scroll of summoning {unknown}
 g - a scroll of fog {unknown}
 h - 2 scrolls of teleportation {unknown}
 l - a scroll of identify {unknown}
Potions
 f - 2 potions of curing {unknown}
 j - a potion of berserk rage {unknown}
 k - a potion of heal wounds {unknown}
 n - a potion of haste {unknown}


   Skills:
 + Level 1.8 Fighting
 * Level 4.2 Ranged Weapons
 + Level 3.0 Dodging
 + Level 2.2 Stealth


You had one spell level left.
You didn't know any spells.
Your spell library was empty.

Dungeon Overview and Level Annotations

Branches:
Dungeon (2/15)

Altars:

Annotations:
D:2 Natasha


Innate Abilities, Weirdness & Mutations

You are very small and have problems with some larger weapons.
You are too small for most types of armour.
You have supernaturally acute eyesight. (SInv)
You cover ground extremely quickly. (Speed+++)


Message History

You kill the hobgoblin!
No target in view!
No target in view!
No target in view!
You now have 33 gold pieces (gained 4).
An endoplasm comes into view.
There is a stone staircase leading down here.
An endoplasm is nearby!
An endoplasm is nearby!
An endoplasm is nearby!
You shoot an arrow. The arrow hits the endoplasm.
You kill the endoplasm!
You hear an angry hiss.
No target in view!
No target in view!
No target in view!
Natasha, Servant of Life and Death comes into view.
Natasha is nearby!
Natasha is nearby!
You shoot an arrow. The arrow hits Natasha.
Natasha is moderately wounded.
Natasha misses you.
You shoot an arrow. The arrow closely misses Natasha.
Natasha claws you.
You shoot an arrow. The arrow barely misses Natasha.
Natasha growls.
Natasha claws you but does no damage. Natasha misses you.
You shoot an arrow. The arrow closely misses Natasha.
Natasha barely misses you.
You shoot an arrow. The arrow closely misses Natasha.
Natasha stares at you and mumbles some strange words.
The magic dart hits you.
You are too injured to fight recklessly!
You are too injured to fight recklessly!
You are too injured to fight recklessly!
There is a stone staircase leading down here.
Natasha extends her claws.
Natasha casts a spell at you. The magic dart hits you!
Ouch! That really hurt!
You die...

..#............#
.####.#............#
...#.#............#
#.#..............#
######..........########
.....#.................#
.....#............#....#
.....#...........<+....######
.....#......h...@.#...^.#...#
.......>...#.....).###..#.#.#
.....#....##....##......#.#.#
........#.##..#.##..#...#.#.#
........#.....#........##<#.#
............#........#....#.#
.....#†...#...#........####.#
###.....#.#...#.###.......#.#
#..#....#.#.#. #....##.#.#


You could see Natasha.

Vanquished Creatures
  A dart slug (D:2)
  An orc (D:2)
  3 endoplasms
  A hobgoblin (D:2)
  2 jackals (D:1)
  A ball python (D:1)
  A bat (D:1)
  2 kobolds
12 creatures vanquished.

Notes
Turn   | Place    | Note
-------+----------+-------------------------------------------
     0 | D:1      | wormed the Spriggan Hunter began the quest for the Orb.
     0 | D:1      | Reached XP level 1. HP: 10/10 MP: 2/2
   653 | D:1      | Found a faded altar of an unknown god.
  1244 | D:2      | Reached XP level 2. HP: 15/15 MP: 3/3
  1323 | D:2      | Noticed Natasha
  1339 | D:2      | Killed from afar by Natasha

Illustrated notes

Levels and vault maps discovered:
D:1:      nzn_arrival_settlement, layout_basic,
          hellmonk_ecumenical_altar_leap_of_faith, minmay_door_square,
          st_stairs_7, nicolae_eternal_life, minmay_misc_feat_nine_boxes,
          minivault_5, minmay_hedge_maze, nicolae_figureground_pulse
D:2:      layout_basic, uniq_natasha, uniq_terence

Skill      XL: |  1  2 |
---------------+-------+-----
Stealth        | 2 |  2.2
Dodging        | 3 |  3.0
Fighting       | |  1.8
Ranged Weapons | |  4.2

Action                   || total
-------------------------++-------
 Fire: Shortbow          ||    29
Armor: Robe              ||     2
Dodge: Dodged            ||    11

Table legend: (Time is in decaauts)
 A = Elapsed time spent in this place.
 B = Non-inter-level travel time spent in this place.
 C = Inter-level travel time spent in this place.
 D = Time resting spent in this place.
 E = Time spent auto-exploring this place.
 F = Levels seen in this place.
 G = Mean time per level.
                   A        B        C        D        E       F      G
               +--------+--------+--------+--------+--------+-----+--------+
         Total |    837 |    749 |     88 |      0 |    669 |   2 |  418.5 |
       Dungeon |    837 |    749 |     88 |      0 |    669 |   2 |  418.5 |
               +--------+--------+--------+--------+--------+-----+--------+

Top non-repeatable levels by time:
     D:1: 767 daAuts
     D:2: 69 daAuts
